NCAA
IOWA STATE CYCLONES @ PITTSBURGH PANTHERS
05/01/2028
 
TOP OF THE 1ST
Iowa State Cyclones batting - Pitching for Pittsburgh Panthers : RHP Thomas van Vranken
Pitching: RHP Thomas van Vranken
Batting: RHB Pedro Rivera 0-0: Foul Ball, location: 2F
0-1: Foul Ball, location: 2F
0-2: Fly out, F9 (Flyball, 9LM)
Batting: SHB Jim Graves 0-0: Ball
1-0: Called Strike
1-1: Ground out 1-3 (Groundball, 13S)
Batting: RHB Shane Marshall 0-0: Ball
1-0: Foul Ball, location: 2F
1-1: Foul Ball, location: 2F
1-2: Ball
2-2: Strikes out swinging
Top of the 1st over - 0 run(s), 0 hit(s), 0 error(s), 0 left on base; Iowa State 0 - Pittsburgh 0
BOTTOM OF THE 1ST
Pittsburgh Panthers batting - Pitching for Iowa State Cyclones : RHP Bill Tracy
Pitching: RHP Bill Tracy
Batting: SHB Tim Mullen 0-0: Ball
1-0: Ball
2-0: Called Strike
2-1: Ball
3-1: Base on Balls
Batting: RHB Phil Ford 0-0: Swinging Strike
0-1: Ball
1-1: Ball
2-1: Foul Ball, location: 2F
2-2: Ball
3-2: Base on Balls
Tim Mullen to second
Batting: RHB Henry Cahill 0-0: Ball
1-0: Fly out, F9 (Line Drive, 89S)
Batting: LHB Pablo Garza 0-0: Ball
Tim Mullen steals 3rd base
Phil Ford to second
1-0: SINGLE (Line Drive, 34D)
Tim Mullen scores
Phil Ford to third
Batting: LHB Todd Emery 0-0: Called Strike
0-1: Ball
1-1: Called Strike
1-2: Fielders Choice at 2nd, 4-6 (Groundball, 4)
Phil Ford scores
Batting: RHB Karl Stone 0-0: Ball
Todd Emery steals 2nd base
1-0: Fly out, F9 (Flyball, 9)
Bottom of the 1st over - 2 run(s), 1 hit(s), 0 error(s), 1 left on base; Iowa State 0 - Pittsburgh 2
TOP OF THE 2ND
Iowa State Cyclones batting - Pitching for Pittsburgh Panthers : RHP Thomas van Vranken
Batting: LHB Ángel Pérez 0-0: Called Strike
0-1: Called Strike
0-2: Hit by Pitch
Batting: RHB Jim Hall 0-0: Called Strike
0-1: Ball
1-1: Swinging Strike
1-2: Strikes out swinging
Batting: RHB Paco Camacho 0-0: Fly out, F9 (Flyball, 9)
Batting: LHB Mike O'Bryan 0-0: Called Strike
0-1: Swinging Strike
0-2: Strikes out looking
Top of the 2nd over - 0 run(s), 0 hit(s), 0 error(s), 1 left on base; Iowa State 0 - Pittsburgh 2
BOTTOM OF THE 2ND
Pittsburgh Panthers batting - Pitching for Iowa State Cyclones : RHP Bill Tracy
Batting: LHB Harry Davis 0-0: Called Strike
0-1: Ball
1-1: Ground out 6-3 (Groundball, 6)
Batting: LHB Brandon Davis 0-0: Called Strike
0-1: Ball
1-1: Ball
2-1: Called Strike
2-2: Strikes out looking
Batting: RHB Richard Cardoza 0-0: Swinging Strike
0-1: Called Strike
0-2: Ball
1-2: Ball
2-2: SOLO HOME RUN (Flyball, 7D), Distance : 347 ft
Batting: SHB Tim Mullen 0-0: Foul Ball, location: 2F
0-1: Ball
1-1: Ground out 2-3 (Groundball, 2L)
Bottom of the 2nd over - 1 run(s), 1 hit(s), 0 error(s), 0 left on base; Iowa State 0 - Pittsburgh 3
TOP OF THE 3RD
Iowa State Cyclones batting - Pitching for Pittsburgh Panthers : RHP Thomas van Vranken
Batting: RHB Russell Cook 0-0: Called Strike
0-1: Ball
1-1: Foul Ball, location: 2F
1-2: Fly out, F8 (Flyball, 8RM)
Batting: LHB Geoffrey Poole 0-0: Called Strike
0-1: Foul Ball, location: 2F
0-2: Strikes out swinging
Batting: RHB Pedro Rivera 0-0: Called Strike
0-1: Foul Ball, location: 2F
0-2: Strikes out swinging
Top of the 3rd over - 0 run(s), 0 hit(s), 0 error(s), 0 left on base; Iowa State 0 - Pittsburgh 3
BOTTOM OF THE 3RD
Pittsburgh Panthers batting - Pitching for Iowa State Cyclones : RHP Bill Tracy
Batting: RHB Phil Ford 0-0: Fly out, F8 (Flyball, 8LM)
Batting: RHB Henry Cahill 0-0: Swinging Strike
0-1: Ball
1-1: Ball
2-1: Fly out, F4 (Popup, 4D)
Batting: LHB Pablo Garza 0-0: Ball
1-0: Called Strike
1-1: Swinging Strike
1-2: Ball
2-2: Foul Ball, location: 2F
2-2: Foul Ball, location: 2F
2-2: Ball
3-2: Strikes out swinging
Bottom of the 3rd over - 0 run(s), 0 hit(s), 0 error(s), 0 left on base; Iowa State 0 - Pittsburgh 3
TOP OF THE 4TH
Iowa State Cyclones batting - Pitching for Pittsburgh Panthers : RHP Thomas van Vranken
Batting: SHB Jim Graves 0-0: Swinging Strike
0-1: Swinging Strike
0-2: Strikes out looking
Batting: RHB Shane Marshall 0-0: Ball
1-0: Foul Ball, location: 2F
1-1: Ball
2-1: Fly out, F8 (Flyball, 8LS)
Batting: LHB Ángel Pérez 0-0: Foul Ball, location: 2F
0-1: Called Strike
0-2: Strikes out swinging
Top of the 4th over - 0 run(s), 0 hit(s), 0 error(s), 0 left on base; Iowa State 0 - Pittsburgh 3
BOTTOM OF THE 4TH
Pittsburgh Panthers batting - Pitching for Iowa State Cyclones : RHP Bill Tracy
Batting: LHB Todd Emery 0-0: SOLO HOME RUN (Flyball, 9D), Distance : 361 ft
Batting: RHB Karl Stone 0-0: Ball
1-0: Ball
2-0: Ball
3-0: Called Strike
3-1: Foul Ball, location: 2F
3-2: Foul Ball, location: 2F
3-2: SINGLE (Flyball, 78S) - OUT at second base trying to stretch hit.
Batting: LHB Harry Davis 0-0: Fly out, F4 (Popup, 4D)
Batting: LHB Brandon Davis 0-0: Called Strike
0-1: Ball
1-1: Foul Ball, location: 2F
1-2: Ball
2-2: Foul Ball, location: 2F
2-2: Reached on error, E3 (Groundball, 34)
Batting: RHB Richard Cardoza 0-0: Ball
1-0: Ball
Brandon Davis is caught stealing 2nd base
Bottom of the 4th over - 1 run(s), 2 hit(s), 1 error(s), 0 left on base; Iowa State 0 - Pittsburgh 4
TOP OF THE 5TH
Iowa State Cyclones batting - Pitching for Pittsburgh Panthers : RHP Thomas van Vranken
Batting: RHB Jim Hall 0-0: Ball
1-0: Called Strike
1-1: Swinging Strike
1-2: Ball
2-2: Foul Ball, location: 2F
2-2: Strikes out swinging
Batting: RHB Paco Camacho 0-0: Ground out 5-3 (Groundball, 25)
Batting: LHB Mike O'Bryan 0-0: Called Strike
0-1: Foul Ball, location: 2F
0-2: Ball
1-2: SINGLE (Groundball, 6MD)
Batting: RHB Russell Cook 0-0: Called Strike
0-1: DOUBLE (Line Drive, 78M)
Mike O'Bryan to third
Runner from 3rd tries for Home, SAFE, no throw
Batting: LHB Geoffrey Poole 0-0: Called Strike
0-1: Ball
1-1: Swinging Strike
1-2: Foul Ball, location: 2F
1-2: Strikes out swinging
Top of the 5th over - 1 run(s), 2 hit(s), 0 error(s), 1 left on base; Iowa State 1 - Pittsburgh 4
BOTTOM OF THE 5TH
Pittsburgh Panthers batting - Pitching for Iowa State Cyclones : RHP Bill Tracy
Batting: RHB Richard Cardoza 0-0: Ball
1-0: Ball
2-0: Foul Ball, location: 2F
2-1: SOLO HOME RUN (Flyball, 7D), Distance : 358 ft
Pitching: RHP Darren Dailey
Batting: SHB Tim Mullen 0-0: Called Strike
0-1: Ground out 6-3 (Groundball, 6)
Batting: RHB Phil Ford 0-0: Ball
1-0: Ball
2-0: Ball
3-0: Called Strike
3-1: Base on Balls
Batting: RHB Henry Cahill 0-0: Called Strike
0-1: Ball
1-1: Swinging Strike
1-2: Foul Ball, location: 2F
1-2: Foul Ball, location: 2F
1-2: Foul Ball, location: 2F
1-2: Ball
2-2: Ball
3-2: SINGLE (Line Drive, 4MD)
Phil Ford to second
Phil Ford to third
Batting: LHB Pablo Garza 0-0: Swinging Strike
0-1: Foul Ball, location: 2F
0-2: Ball
1-2: Strikes out swinging
Batting: LHB Todd Emery 0-0: Called Strike
0-1: Called Strike
0-2: Ball
1-2: Ball
2-2: Strikes out swinging
Bottom of the 5th over - 1 run(s), 2 hit(s), 0 error(s), 2 left on base; Iowa State 1 - Pittsburgh 5
TOP OF THE 6TH
Iowa State Cyclones batting - Pitching for Pittsburgh Panthers : RHP Thomas van Vranken
Batting: RHB Pedro Rivera 0-0: Ball
1-0: Foul Ball, location: 2F
1-1: Ball
2-1: Called Strike
2-2: Strikes out looking
Batting: SHB Jim Graves 0-0: Swinging Strike
0-1: Ball
1-1: Foul Ball, location: 2F
1-2: Foul Ball, location: 2F
1-2: Fly out, F6 (Popup, 6MD)
Batting: RHB Shane Marshall 0-0: Called Strike
0-1: Ball
1-1: Foul Ball, location: 2F
1-2: Ball
2-2: Foul Ball, location: 2F
2-2: Fly out, F9 (Flyball, 9LSF)
Top of the 6th over - 0 run(s), 0 hit(s), 0 error(s), 0 left on base; Iowa State 1 - Pittsburgh 5
BOTTOM OF THE 6TH
Pittsburgh Panthers batting - Pitching for Iowa State Cyclones : RHP Darren Dailey
Batting: RHB Karl Stone 0-0: Called Strike
0-1: Ball
1-1: Ball
2-1: Swinging Strike
2-2: Fly out, F7 (Flyball, 7)
Batting: LHB Harry Davis 0-0: Ball
1-0: Ball
2-0: Fly out, F8 (Line Drive, 78D)
Batting: LHB Brandon Davis 0-0: Ball
1-0: Called Strike
1-1: Called Strike
1-2: Ball
2-2: Strikes out looking
Bottom of the 6th over - 0 run(s), 0 hit(s), 0 error(s), 0 left on base; Iowa State 1 - Pittsburgh 5
TOP OF THE 7TH
Iowa State Cyclones batting - Pitching for Pittsburgh Panthers : RHP Thomas van Vranken
Batting: LHB Ángel Pérez 0-0: Foul Ball, location: 2F
0-1: Ball
1-1: SINGLE (Groundball, 56D) (infield hit)
Batting: RHB Jim Hall 0-0: Ball
1-0: Called Strike
1-1: Ball
2-1: Ball
3-1: Base on Balls
Ángel Pérez to second
Pitching: RHP Scott Barteaux
Batting: RHB Paco Camacho 0-0: Swinging Strike
0-1: Ball
1-1: Swinging Strike
1-2: Ball
2-2: Ball
3-2: Base on Balls
Ángel Pérez to third
Jim Hall to second
Pitching: LHP Russ Maule
Batting: LHB Mike O'Bryan 0-0: Called Strike
0-1: Swinging Strike
0-2: Ball
1-2: Hit by Pitch
Ángel Pérez scores
Jim Hall to third
Paco Camacho to second
Batting: RHB Russell Cook 0-0: Called Strike
0-1: Ball
1-1: Ball
2-1: Ball
3-1: Base on Balls
Jim Hall scores
Paco Camacho to third
Mike O'Bryan to second
Pitching: LHP Richard Akers
Batting: LHB Geoffrey Poole 0-0: Ball
1-0: Called Strike
1-1: Ball
2-1: Ground out 3-1 (Groundball, 34S)
Paco Camacho scores
Mike O'Bryan to third
Russell Cook to second
Batting: RHB Pedro Rivera 0-0: Called Strike
0-1: Ball
1-1: Ball
2-1: Ball
3-1: Called Strike
3-2: Fly out, F1 (Line Drive, 15)
Batting: SHB Jim Graves 0-0: Ball
1-0: Swinging Strike
1-1: Ball
2-1: Foul Ball, location: 2F
2-2: Strikes out swinging, 2-3 out at first.
Top of the 7th over - 3 run(s), 1 hit(s), 0 error(s), 2 left on base; Iowa State 4 - Pittsburgh 5
BOTTOM OF THE 7TH
Pittsburgh Panthers batting - Pitching for Iowa State Cyclones : RHP Darren Dailey
Batting: RHB Richard Cardoza 0-0: Foul Ball, location: 2F
0-1: Called Strike
0-2: Ball
1-2: Ball
2-2: Ball
3-2: Foul Ball, location: 2F
3-2: Base on Balls
Batting: SHB Tim Mullen 0-0: Ball
1-0: Swinging Strike
1-1: Called Strike
1-2: Strikes out swinging
Batting: RHB Phil Ford 0-0: Ball
1-0: Called Strike
1-1: Foul Ball, location: 2F
1-2: Fly out, F8 (Flyball, 8LD)
Batting: RHB Henry Cahill 0-0: Ball
1-0: Ball
2-0: Called Strike
2-1: Fly out, F9 (Flyball, 9S)
Bottom of the 7th over - 0 run(s), 0 hit(s), 0 error(s), 1 left on base; Iowa State 4 - Pittsburgh 5
TOP OF THE 8TH
Iowa State Cyclones batting - Pitching for Pittsburgh Panthers : LHP Richard Akers
Pitching: RHP Jesús Muros
Now in LF: Dalton Beck
Batting: RHB Shane Marshall 0-0: Ball
1-0: Fly out, F9 (Flyball, 9LSF)
Pitching: LHP Derrick Carter
Batting: LHB Ángel Pérez 0-0: Ground out 6-3 (Groundball, 6)
Pitching: RHP Terrence Boswell
Batting: RHB Jim Hall 0-0: Fly out, F7 (Flyball, 7LSF)
Top of the 8th over - 0 run(s), 0 hit(s), 0 error(s), 0 left on base; Iowa State 4 - Pittsburgh 5
BOTTOM OF THE 8TH
Pittsburgh Panthers batting - Pitching for Iowa State Cyclones : RHP Darren Dailey
Pitching: RHP Richard Lee
Batting: LHB Pablo Garza 0-0: Ball
1-0: Ball
2-0: Ball
3-0: Base on Balls
Batting: LHB Todd Emery 0-0: Called Strike
0-1: Called Strike
0-2: Ball
1-2: SINGLE (Line Drive, 8LS)
Pablo Garza to second
Batting: RHB Karl Stone 0-0: Ball
1-0: 3-RUN HOME RUN (Flyball, 78XD), Distance : 368 ft
Pitching: LHP Ron Sosa
Batting: LHB Harry Davis 0-0: Ball
1-0: Ball
2-0: Foul Ball, location: 2F
2-1: Fly out, F7 (Flyball, 7)
Batting: LHB Brandon Davis 0-0: Called Strike
0-1: Ground out 4-3 (Groundball, 4)
Batting: RHB Richard Cardoza 0-0: Ball
1-0: Ball
2-0: Foul Ball, location: 2F
2-1: Ball
3-1: Called Strike
3-2: Base on Balls
Batting: LHB Dalton Beck 0-0: Foul Ball, location: 2F
0-1: Ball
1-1: Called Strike
1-2: Strikes out swinging
Bottom of the 8th over - 3 run(s), 2 hit(s), 0 error(s), 1 left on base; Iowa State 4 - Pittsburgh 8
TOP OF THE 9TH
Iowa State Cyclones batting - Pitching for Pittsburgh Panthers : RHP Terrence Boswell
Pitching: RHP Bobby McCain
Batting: RHB Paco Camacho 0-0: Ball
1-0: Called Strike
1-1: Swinging Strike
1-2: Ball
2-2: Strikes out swinging
Batting: LHB Mike O'Bryan 0-0: Ball
1-0: Ball
2-0: Ball
3-0: Base on Balls
Batting: RHB Russell Cook 0-0: Called Strike
0-1: SINGLE (Line Drive, 4MD)
Mike O'Bryan to second
Batting: LHB Geoffrey Poole 0-0: Ball
Wild Pitch!
Mike O'Bryan to third
Russell Cook to second
1-0: Ball
2-0: Ball
3-0: Called Strike
3-1: Base on Balls
Batting: RHB Pedro Rivera 0-0: Ball
1-0: Ball
2-0: Foul Ball, location: 2F
2-1: SINGLE (Flyball, 89S)
Mike O'Bryan scores
Russell Cook to third
Geoffrey Poole to second
Runner from 3rd tries for Home, SAFE, no throw
Pitching: LHP Fernando Rivera
Batting: SHB Jim Graves 0-0: Called Strike
0-1: Ball
Passed Ball!
Geoffrey Poole to third
Pedro Rivera to second
1-1: Called Strike
1-2: Ball
2-2: Strikes out looking
Batting: RHB Shane Marshall 0-0: Called Strike
0-1: Ball
1-1: Ball
2-1: Foul Ball, location: 2F
2-2: Ball
3-2: SINGLE (Line Drive, 4MD)
Geoffrey Poole scores
Pedro Rivera to third
Pedro Rivera scores
Batting: LHB Ángel Pérez 0-0: Ball
Shane Marshall is caught stealing 2nd base
Top of the 9th over - 4 run(s), 3 hit(s), 0 error(s), 0 left on base; Iowa State 8 - Pittsburgh 8
BOTTOM OF THE 9TH
Pittsburgh Panthers batting - Pitching for Iowa State Cyclones : LHP Ron Sosa
Batting: RHB Phil Ford 0-0: Ball
1-0: Foul Ball, location: 2F
1-1: Ball
2-1: SINGLE (Groundball, 56D)
Batting: RHB Henry Cahill 0-0: Called Strike
0-1: Ball
1-1: Grounds into double play, 6-4-3 (Groundball, 6)
Batting: LHB Pablo Garza 0-0: Foul Ball, location: 2F
0-1: Ball
1-1: Foul Ball, location: 2F
1-2: Foul Ball, location: 2F
1-2: Ball
2-2: Ball
3-2: Ground out 4-3 (Groundball, 4)
Bottom of the 9th over - 0 run(s), 1 hit(s), 0 error(s), 0 left on base; Iowa State 8 - Pittsburgh 8
TOP OF THE 10TH
Iowa State Cyclones batting - Pitching for Pittsburgh Panthers : LHP Fernando Rivera
Batting: LHB Ángel Pérez 0-0: Called Strike
0-1: Ball
1-1: Ball
2-1: Ball
3-1: Base on Balls
Batting: RHB Jim Hall 0-0: Ball
1-0: Ball
2-0: Foul Ball, location: 2F
2-1: Swinging Strike
2-2: Fielders Choice at 2nd, 4-6 (Groundball, 4)
Pinch Hitting: SHB Ralph Marshall 0-0: Ball
1-0: Ball
2-0: Called Strike
2-1: Called Strike
2-2: Ball
3-2: SINGLE (Flyball, 8LS)
Jim Hall to second
Runner from 2nd tries for 3rd, SAFE, throw made to third
Batting: LHB Mike O'Bryan 0-0: Ball
1-0: Foul Ball, location: 2F
1-1: Ground out 5-3 (Groundball, 56S)
Ralph Marshall to second
Batting: RHB Russell Cook 0-0: Ball
1-0: Ball
2-0: Ball
3-0: Called Strike
3-1: Base on Balls
Batting: LHB Geoffrey Poole 0-0: Ball
1-0: Foul Ball, location: 2F
1-1: Fielders Choice at 2nd, 5-4 (Groundball, 56)
Top of the 10th over - 0 run(s), 1 hit(s), 0 error(s), 2 left on base; Iowa State 8 - Pittsburgh 8
BOTTOM OF THE 10TH
Pittsburgh Panthers batting - Pitching for Iowa State Cyclones : LHP Ron Sosa
Now at SS: Ralph Marshall
Batting: LHB Todd Emery 0-0: Foul Ball, location: 2F
0-1: Ball
1-1: Ball
2-1: Ground out 4-3 (Groundball, 4)
Batting: RHB Karl Stone 0-0: Ball
1-0: Called Strike
1-1: Called Strike
1-2: Strikes out looking
Batting: LHB Harry Davis 0-0: Ball
1-0: Foul Ball, location: 2F
1-1: Ball
2-1: Fly out, F6 (Line Drive, 6)
Bottom of the 10th over - 0 run(s), 0 hit(s), 0 error(s), 0 left on base; Iowa State 8 - Pittsburgh 8
TOP OF THE 11TH
Iowa State Cyclones batting - Pitching for Pittsburgh Panthers : LHP Fernando Rivera
Batting: RHB Pedro Rivera 0-0: Foul Ball, location: 2F
0-1: Foul Ball, location: 2F
0-2: Ball
1-2: Ball
2-2: SINGLE (Groundball, 6MD)
Batting: SHB Jim Graves 0-0: Ball
1-0: Ball
2-0: Ball
3-0: Base on Balls
Pedro Rivera to second
Batting: RHB Shane Marshall 0-0: Swinging Strike
0-1: Ball
1-1: Ball
2-1: Called Strike
2-2: Strikes out looking
Batting: LHB Ángel Pérez 0-0: SINGLE (Line Drive, 4MD)
Pedro Rivera to third
Jim Graves to second
Runner from 3rd tries for Home, SAFE, no throw
Pitching: RHP Tim Wallace
Batting: RHB Jim Hall 0-0: Fly out, F6 (Popup, 56)
Batting: SHB Ralph Marshall 0-0: Ball
1-0: Ball
2-0: SINGLE (Line Drive, 9LS)
Jim Graves to third
Ángel Pérez to second
Batting: LHB Mike O'Bryan 0-0: Called Strike
0-1: Ball
1-1: Swinging Strike
1-2: Strikes out swinging
Top of the 11th over - 1 run(s), 3 hit(s), 0 error(s), 3 left on base; Iowa State 9 - Pittsburgh 8
BOTTOM OF THE 11TH
Pittsburgh Panthers batting - Pitching for Iowa State Cyclones : LHP Ron Sosa
Pitching: RHP Terry Chouinard
Batting: LHB Brandon Davis 0-0: Hit by Pitch
Batting: RHB Richard Cardoza 0-0: Bunt missed!
0-1: Sac Bunt - play at first, batter OUT! U3
Brandon Davis to second
Batting: LHB Dalton Beck 0-0: Ball
1-0: Called Strike
1-1: Ball
2-1: Ball
3-1: Base on Balls
Batting: RHB Phil Ford 0-0: Called Strike
0-1: Foul Ball, location: 2F
0-2: Strikes out swinging
Batting: RHB Henry Cahill 0-0: Ball
1-0: Ball
2-0: Called Strike
2-1: Called Strike
2-2: Foul Ball, location: 2F
2-2: Foul Ball, location: 2F
2-2: Foul Ball, location: 2F
2-2: Foul Ball, location: 2F
2-2: Fly out, F1 (Line Drive, 13S)
Bottom of the 11th over - 0 run(s), 0 hit(s), 0 error(s), 2 left on base; Iowa State 9 - Pittsburgh 8
Tuesday, August 8th, 2017 - OOTP Baseball 17.12 Build 75